 Dungeon Crawl Stone Soup version 0.31.0-32-g396128a36d (webtiles) character file.

Game seed: 18178318443333392070

49 bronco the Grave Robber (level 3, -1/24 HPs)
             Began as a Mummy Necromancer on Mar 30, 2024.
             Slain by Robin
             ... wielding a +0 dagger of distortion
              (3 damage)
             ... on level 1 of the Dungeon.
             The game lasted 00:02:38 (1487 turns).

bronco the Grave Robber (Mummy Necromancer)         Turns: 1487, Time: 00:02:39

Health: -1/24      AC:  5    Str: 11    XL:     3   Next: 51%
Magic:  1/7        EV: 12    Int: 16    God:
Gold:   58         SH:  0    Dex: 12    Spells: 6/7 levels left

rFire   x . .        h - +0 short sword
rCold   + . .        (no shield)
rNeg    + + +        a - +0 robe
rPois   ∞            (no helmet)
rElec   .            (no cloak)
rCorr   .            (no gloves)
SInv    .            f - +2 pair of boots
Will    .....        (no amulet)
Stlth   ++           (no ring)
HPRegen 0.24/turn    (no ring)
MPRegen 0.10/turn

%: faith
@: no status effects
A: cold resistance 1, negative energy resistance 3, torment resistance 2, heat
vulnerability 1, in touch with death 1, no potions, faith
a: no special abilities


You were on level 1 of the Dungeon.
You visited 1 branch of the dungeon, and saw 2 of its levels.

You collected 58 gold pieces.

Inventory:

Hand Weapons
 b - a +0 club
 e - a +0 dagger
 h - a +0 short sword (weapon)
Missiles
 c - 22 stones
Armour
 a - a +0 robe (worn)
 f - a +2 pair of boots (worn)
Magical Staves
 i - a staff of fire
Scrolls
 d - a scroll of identify {unknown}
 g - a scroll of poison {unknown}


   Skills:
 - Level 1.5 Dodging
 - Level 1.5 Stealth
 - Level 2.6 Spellcasting
 + Level 5.3 Necromancy


You had 6 spell levels left.
You knew the following spells:

 Your Spells              Type           Power      Damage    Failure   Level
a - Necrotise             Necr           100%       1d9       2%          1

Your spell library contained the following spells:

 Spells                   Type           Power      Damage    Failure   Level
 Vampiric Draining        Necr           28%        2d8       6%          3
 Animate Dead             Necr           28%        N/A       22%         4
 Curse of Agony           Necr           28%        N/A       52%         5


Dungeon Overview and Level Annotations

Branches:
Dungeon (2/15)

Altars:

Annotations:
D:1 Robin
D:2 Sigmund


Innate Abilities, Weirdness & Mutations

You are immune to poison.
Your flesh is cold resistant. (rC+)
You are immune to negative energy. (rN+++)
You are immune to unholy pain and torment.
You are vulnerable to heat. (rF-)
You are in touch with the powers of death.
You do not drink.
You have a special connection with the divine. (Faith)


Message History

The hobgoblin barely misses you.
You hit the goblin.
The goblin is severely wounded.
The goblin hits you but does no damage. The hobgoblin closely misses you.
Casting: Necrotise (safe; 2% risk of failure)
Confirm with . or Enter, or press ? or * to list all spells.
Aiming: Necrotise (safe; 2% risk of failure)
Press: ? - help, Shift-Dir - straight line, f/p - goblin
Aim: a goblin, wielding a +0 club (severely wounded, strong, chance to affect: 93%)
You feel a surge of power!
The goblin barely resists.
The goblin hits you with a +0 club. The hobgoblin barely misses you.
Unknown command.
Casting: Necrotise (safe; 2% risk of failure)
Confirm with . or Enter, or press ? or * to list all spells.
You don't know that spell.
You closely miss the goblin.
The goblin is severely wounded.
The goblin barely misses you. The hobgoblin closely misses you.
You barely miss the goblin.
The goblin is severely wounded.
The goblin hits you but does no damage. The hobgoblin hits you.
You hit the goblin.
You kill the goblin!
The hobgoblin closely misses you.
You hit the hobgoblin.
The hobgoblin is almost dead.
The hobgoblin hits you.
You hit the hobgoblin.
You kill the hobgoblin!
You closely miss Robin.
Robin hits you with a +0 dagger of distortion.
* * * LOW HITPOINT WARNING * * *
Space warps around you.
* * * LOW HITPOINT WARNING * * *
You barely miss Robin.
Robin hits you with a +0 dagger of distortion.
* * * LOW HITPOINT WARNING * * *
Space warps around you.
You die...
Robin lets out a smug laugh.

#...................
##.####..........##..
#...###...........##.
#.#..##..........####
#....##########.## #
####.# #[##### #.#
#...... #)# #......
#@# ###..##.. #g##
##.#..##.. #..##
##..##....#
##...####....#...##
#.......'....#...#+
##...####....#.÷.##
#..## ##...#.....
#..# ##..###... ##.#
##...##..


You could see Robin.

Vanquished Creatures
  An adder (D:2)
  4 endoplasms (D:1)
  11 goblins
  4 hobgoblins (D:1)
  2 jackals (D:1)
  2 quokkas (D:1)
  2 ball pythons
  3 bats (D:1)
  2 frilled lizards (D:1)
  2 kobolds (D:1)
  A rat (D:1)
34 creatures vanquished.

Vanquished Creatures (collateral kills)
  A rat (D:2)
1 creature vanquished.

Grand Total: 35 creatures vanquished

Notes
Turn   | Place    | Note
-------+----------+-------------------------------------------
     0 | D:1      | bronco the Mummy Necromancer began the quest for the Orb.
     0 | D:1      | Reached XP level 1. HP: 13/13 MP: 4/4
   282 | D:1      | Reached XP level 2. HP: 19/19 MP: 0/5
  1282 | D:1      | Reached skill level 5 in Necromancy
  1286 | D:1      | Reached XP level 3. HP: 24/24 MP: 1/7
  1457 | D:2      | Noticed Sigmund
  1465 | D:2      | Noticed Robin
  1487 | D:1      | Slain by Robin

Illustrated notes

Levels and vault maps discovered:
D:1:      amcnicky_arrival_wind_blow, layout_loops_corners,
          kennysheep_pointless_box, serial_bayou_pond_e
D:2:      layout_rooms, nicolae_titane, uniq_robin, uniq_sigmund

Skill      XL: |  1  2 |
---------------+-------+-----
Necromancy     | 5 |  5.3
Dodging        | |  1.5
Stealth        | |  1.5
Spellcasting   | |  2.6

Action                     || total
---------------------------++-------
  Melee: Club              ||    14
         Unarmed           ||     2
         Punch             ||     2
         Short sword       ||    16
   Cast: Necrotise         ||    51
 Armour: Robe              ||    31
  Dodge: Dodged            ||    40
